 Dungeon Crawl Stone Soup version 0.31-a0-180-g519b7de00c (webtiles) character file.

Game seed: 1356674105323794699

475 qw the Trooper (level 7, -1/45 HPs)
             Began as a Gargoyle Fighter on June 19, 2023.
             Slain by Duvessa
             ... wielding a +0 rapier
              (5 damage)
             ... on level 4 of the Dungeon.
             The game lasted 00:01:38 (3160 turns).

qw the Trooper (Gargoyle Fighter)                   Turns: 3160, Time: 00:01:38

Health: -1/45      AC: 20    Str: 22    XL:     7   Next: 10%
Magic:  7/7        EV:  6    Int:  8    God:
Gold:   179        SH:  4    Dex:  9    Spells: 6/6 levels left

rFire   . . .        Y - +0 war axe
rCold   . . .        c - +0 buckler
rNeg    + . .        m - +0 plate armour
rPois   inf          r - +2 helmet
rElec   +            p - +0 cloak
rCorr   .            (no gloves)
SInv    .            (no boots)
Will    .....        (no amulet) Stlth
                     (no ring)
HPRegen 0.27/turn    (no ring)
MPRegen 0.10/turn

%: no passive effects
@: no status effects
A: sickness immunity, AC +4, negative energy resistance 1, electricity
resistance, torment resistance 1, petrification resistance
a: no special abilities


You were on level 4 of the Dungeon.
You visited 1 branch of the dungeon, and saw 4 of its levels.

You collected 179 gold pieces.


Innate Abilities, Weirdness & Mutations

You are immune to sickness and miasma.
Your stone body is resilient. (AC +4)
You are immune to poison.
You resist negative energy. (rN+)
You are resistant to electric shocks. (rElec)
You are resistant to unholy torment.
You are immune to petrification.


   Skills:
 - Level 5.7 Fighting
 + Level 5.5 Axes
 - Level 3.2 Armour
 - Level 3.2 Shields


You had 6 spell levels left.
You didn't know any spells.
Your spell library was empty.

Inventory:

Hand Weapons
 o - the +4 flail of Rucleeq {heavy, rPois}
   (You found it on level 3 of the Dungeon)

   rPois:     It protects you from poison.
 Y - a +0 war axe (weapon)
Armour
 c - a +0 buckler (worn)
 m - a +0 plate armour (worn)
 p - a +0 cloak (worn)
 r - a +2 helmet (worn)
Jewellery
 k - a ring of fire
Potions
 d - a potion of might
 e - a potion of resistance
 f - a potion of mutation {unknown}
 g - a potion of heal wounds {unknown}
 h - a potion of attraction
 i - 3 potions of curing
 l - a potion of lignification {unknown}
 n - a potion of enlightenment {unknown}
 q - a potion of magic

Dungeon Overview and Level Annotations

Branches:
Dungeon (4/15)
 Temple: D:4-7

Altars:
Qazlal

Shops:
D:2 =

Annotations:
D:4 Duvessa


Message History

Dowan is lightly wounded.
Dowan casts a spell at you.
The puff of flame hits you but does no damage.
You barely miss Duvessa. Duvessa hits you with a +0 rapier.
You closely miss Duvessa. Duvessa completely misses you.
You barely miss Duvessa. Duvessa hits you with a +0 rapier.
You closely miss Duvessa. Duvessa hits you with a +0 rapier!
You hit Dowan.
Dowan is moderately wounded.
You hit Duvessa. Dowan barely misses you. You block Duvessa's attack.
You slash Dowan!
Dowan is severely wounded.
You hit Duvessa. Dowan gestures at you while chanting.
The puff of frost hits you but does no damage.
Duvessa barely misses you.
You barely miss Dowan.
Dowan is severely wounded.
You closely miss Duvessa. You block Dowan's attack. Duvessa closely misses you.
Dowan points at you and mumbles some strange words.
The puff of frost misses you. Duvessa hits you with a +0 rapier!
You slash Dowan!
You kill Dowan!
Duvessa screams, "No!
How DARE you!"
Duvessa goes berserk!
You barely miss Duvessa. Duvessa hits you but does no damage.
Duvessa hits you with a +0 rapier!
You have reached level 7!
You slash Duvessa!
Duvessa is heavily wounded.
Duvessa hits you with a +0 rapier!
You hit Duvessa but do no damage.
Duvessa is heavily wounded.
Duvessa hits you with a +0 rapier.
You die...

#.# #.####### #.<.....#
############.####...
########............###....
#......(.######............
########........###.###....
#)######## #.# ##... #..@e#
#.# #... ####)# #....>...
.#.# #######.# .# #.# ....
e# #.# .##.# e# #.# . ..#
## ## ...


You could see Duvessa (berserk).

Vanquished Creatures
  Grinder (D:3)
  Dowan (D:4)
  A hound (D:4)
  An orc priest (D:3)
  Terence (D:2)
  Robin (D:2)
  5 adders
  A worm (D:3)
  2 dart slugs (D:1)
  8 orcs (D:3)
  9 ball pythons
  3 bats
  9 endoplasms
  2 giant cockroaches
  12 goblins
  6 hobgoblins
  8 kobolds
  4 quokkas
  2 frilled lizards (D:1)
  11 rats
88 creatures vanquished.

Notes
Turn   | Place    | Note
-------+----------+-------------------------------------------
     0 | D:1      | qw the Gargoyle Fighter began the quest for the Orb.
     0 | D:1      | Reached XP level 1. HP: 14/14 MP: 1/1
     0 | D:1      | 0 ||| qw: Version: 0.3-a-7-ge0c9b40
     0 | D:1      | 0 ||| qw: Game counter: 1049
     0 | D:1      | 0 ||| qw: Always use a shield: true
     0 | D:1      | 0 ||| qw: God list: Okawaru
     0 | D:1      | 0 ||| qw: Allow faded altars: false
     0 | D:1      | 0 ||| qw: Do Orc after D:15 true
     0 | D:1      | 0 ||| qw: Do second Lair branch before Depths: true
     0 | D:1      | 0 ||| qw: Lair rune preference: random
     0 | D:1      | 0 ||| qw: Plans: Normal, Zot:1-4, Slime:5, God:TSO, Crypt,
                  | Tomb, Abyss, Pan, Hells, Win
     0 | D:1      | 0 ||| PLANNING D:1-11
   163 | D:1      | Reached XP level 2. HP: 19/19 MP: 2/2
   168 | D:1      | 168 ||| Stepping ~*~*~tactically~*~*~ (stealth).
   171 | D:1      | 171 ||| Stepping ~*~*~tactically~*~*~ (stealth).
   184 | D:1      | 184 ||| FLEEEEING.
   185 | D:1      | 185 ||| FLEEEEING.
   186 | D:1      | 186 ||| FLEEEEING.
   293 | D:1      | Found a faded altar of an unknown god.
   336 | D:1      | Reached skill level 3 in Axes
   385 | D:1      | 385 ||| Stepping ~*~*~tactically~*~*~ (stealth).
   395 | D:1      | Reached XP level 3. HP: 23/23 MP: 3/3
   403 | D:1      | 403 ||| Stepping ~*~*~tactically~*~*~ (stealth).
   427 | D:1      | 427 ||| Stepping ~*~*~tactically~*~*~ (stealth).
   460 | D:1      | 460 ||| Stepping ~*~*~tactically~*~*~ (stealth).
   751 | D:1      | 751 ||| Stepping ~*~*~tactically~*~*~ (hiding).
   880 | D:1      | 880 ||| READING scroll labelled OBUHYJ NEIBRA.
   881 | D:1      | 881 ||| DRINKING 2 amethyst potions.
   882 | D:1      | 882 ||| DRINKING 2 bubbling white potions.
   946 | D:2      | 946 ||| DROPPING +0 club.
  1039 | D:2      | Noticed Terence
  1045 | D:2      | Reached XP level 4. HP: 10/28 MP: 4/4
  1050 | D:2      | HP: 6/28 [Terence/+0 trident (2)]
  1055 | D:2      | Killed Terence
  1107 | D:2      | 1107 ||| FLEEEEING.
  1110 | D:2      | 1110 ||| STAIRDANCE
  1137 | D:1      | 1137 ||| READING scroll labelled CEOFEU SEJAZ.
  1386 | D:2      | 1386 ||| Stepping ~*~*~tactically~*~*~ (hiding).
  1627 | D:2      | Found Iguad's Jewellery Shoppe.
  1630 | D:2      | 1630 ||| SHOPLISTING +4 ring of protection (504 gold, have
                  | 118).
  1630 | D:2      | 1630 ||| SHOPLISTING +4 ring of slaying (1092 gold, have
                  | 118).
  1630 | D:2      | 1630 ||| SHOPLISTING +5 ring of evasion (504 gold, have
                  | 118).
  1630 | D:2      | 1630 ||| SHOPLISTING +6 ring of strength (504 gold, have
                  | 118).
  1630 | D:2      | 1630 ||| SHOPLISTING amulet of regeneration (420 gold, have
                  | 118).
  1630 | D:2      | 1630 ||| SHOPLISTING ring of fire (350 gold, have 118).
  1656 | D:2      | Reached XP level 5. HP: 32/32 MP: 5/5
  1728 | D:2      | 1728 ||| Stepping ~*~*~tactically~*~*~ (stealth).
  1732 | D:2      | Noticed Robin
  1745 | D:2      | Killed Robin
  1920 | D:2      | 1920 ||| Stepping ~*~*~tactically~*~*~ (hiding).
  2108 | D:2      | 2108 ||| UPGRADING to +1 helmet.
  2113 | D:2      | 2113 ||| UPGRADING to +0 cloak.
  2118 | D:2      | 2118 ||| UPGRADING to +2 helmet.
  2128 | D:2      | 2128 ||| DROPPING +1 helmet.
  2129 | D:2      | 2129 ||| READING scroll labelled QETHAE KYOBREHA.
  2199 | D:3      | 2199 ||| Stepping ~*~*~tactically~*~*~ (hiding).
  2412 | D:3      | Identified the +4 flail of Rucleeq {heavy, rPois}
  2414 | D:3      | 2414 ||| DROPPING +0 flail.
  2420 | D:3      | Found a stormy altar of Qazlal.
  2423 | D:3      | Noticed an air elemental
  2424 | D:3      | Noticed a water elemental
  2424 | D:3      | Noticed a fire elemental
  2534 | D:3      | Noticed Grinder
  2534 | D:3      | Paralysed by Grinder for 2 turns
  2555 | D:3      | Killed Grinder
  2556 | D:3      | Reached XP level 6. HP: 28/41 MP: 6/6
  3050 | D:3      | 3050 ||| UPGRADING to +0 plate armour.
  3060 | D:3      | 3060 ||| DROPPING +0 scale mail.
  3061 | D:3      | 3061 ||| DRINKING 2 fizzy golden potions.
  3062 | D:3      | 3062 ||| DRINKING 2 fuming sapphire potions.
  3063 | D:3      | 3063 ||| DRINKING 2 fuming purple potions.
  3064 | D:3      | 3064 ||| DROPPING potion of brilliance.
  3144 | D:4      | Noticed Dowan
  3144 | D:4      | Noticed Duvessa
  3145 | D:4      | 3145 ||| Stepping ~*~*~tactically~*~*~ (hiding).
  3158 | D:4      | Killed Dowan
  3159 | D:4      | Reached XP level 7. HP: 13/45 MP: 7/7
  3159 | D:4      | HP: 4/45 [Duvessa/+0 rapier (10)]
  3160 | D:4      | Slain by Duvessa

Levels and vault maps discovered:
D:1:      roderic_chinese_lattice_arrival, layout_basic,
          shapermc_ecumenical_altar_pompeii, minmay_close_crescents
D:2:      layout_loops_ring, serial_shops, nicolae_shop_real_fake_doors,
          uniq_robin, uniq_terence
D:3:      layout_basic, nicolae_qazlal_style_of_elements, uniq_grinder
D:4:      layout_loops_ring, nicolae_overflow_hidden_temple, minmay_cut_off,
          uniq_blork_the_orc, uniq_duvessa

Skill      XL: |  1  2  3  4  5 |
---------------+----------------+-----
Axes           | 2 3 4 5 |  5.5
Fighting       | 5 |  5.7
Armour         | |  3.2
Shields        | |  3.2

Action                     |  1- 3 |  4- 6 |  7- 9 || total
---------------------------+-------+-------+-------++-------
  Melee: War axe           |    92 |   144 |     2 ||   238
    Use: Potion            |     2 |     3 |       ||     5
         Scroll            |     1 |     2 |       ||     3
 Armour: Scale mail        |    37 |    53 |       ||    90
         Plate armour      |       |    15 |       ||    15
  Dodge: Dodged            |    33 |    62 |       ||    95
  Block: Buckler           |    12 |    25 |       ||    37

Table legend:
 A = Non-vault XP
 B = Vault XP
 C = Vault XP percentage of total XP
 D = Non-vault monster count
 E = Vault monster count
 F = Vault count percentage of total count
                 A         B        C        D         E       F
            +---------+---------+-------+---------+---------+-------
      Total |     276 |     403 |  59.4 |      74 |      14 |  15.9
            +---------+---------+-------+---------+---------+-------
        D:1 |      51 |       7 |  12.1 |      29 |       4 |  12.1
        D:2 |      83 |      62 |  42.8 |      22 |       8 |  26.7
        D:3 |      99 |     267 |  73.0 |      22 |       1 |   4.3
        D:4 |      43 |      67 |  60.9 |       1 |       1 |  50.0
            +---------+---------+-------+---------+---------+-------
